 Dungeon Crawl Stone Soup version 0.29.1-15-g9cfb28693d (webtiles) character file.

Game seed: 12545982283344825948

338 ThatPearl the Trooper (level 6, -11/45 HPs)
             Began as an Octopode Fighter on Mar 19, 2023.
             Was a Follower of Ru.
             Mangled by an ice beast (13 damage)
             ... on level 5 of the Dungeon.
             The game lasted 00:10:08 (4358 turns).

ThatPearl the Trooper (Octopode Fighter)            Turns: 4358, Time: 00:10:09

Health: -11/45     AC:  2    Str: 16    XL:     6   Next: 55%
Magic:  6/6        EV: 13    Int: 12    God:    Ru [*.....]
Gold:   61         SH:  5    Dex: 11    Spells: 5/5 levels left

rFire   . . .      SeeInvis .   a - +0 war axe
rCold   . . .      Faith    .   b - +0 buckler
rNeg    . . .      Spirit   .   E - +1 hat
rPois   .          Reflect  .   d - amulet of the acrobat
rElec   .          Harm     .   (no ring)
rCorr   .          Rampage  .   (no ring)
Will    .....                   (no ring)
Stlth   ++........              (no ring)
HPRegen 0.15/turn               (no ring)
MPRegen 0.10/turn               (no ring)
                                (no ring)
                                (no ring)

@: unable to drink
A: almost no armour, amphibious, 8 rings, camouflage 1, gelatinous body 1,
inability to drink after injury 2, (nimble swimmer 1), tentacles
a: Renounce Religion


You were on level 5 of the Dungeon.
You worshipped Ru.
Ru was aware of your devotion.
You visited 2 branches of the dungeon, and saw 6 of its levels.

You collected 193 gold pieces.
You spent 132 gold pieces at shops.

Inventory:

Hand Weapons
 a - a +0 war axe (weapon)
 f - a +2 dagger of holy wrath
 l - a +0 sling
 w - a +0 longbow
 A - a +4 mace
Missiles
 h - 60 stones (quivered)
 j - 13 poisoned darts
 s - 5 javelins
 t - a throwing net
Armour
 b - a +0 buckler (worn)
 E - a +1 hat (worn)
Magical Staves
 q - a staff of death
Jewellery
 d - an amulet of the acrobat (around mantle)
Wands
 p - a wand of charming (13)
Scrolls
 g - a scroll of enchant weapon {unknown}
 k - a scroll of amnesia {unknown}
 n - a scroll of poison
 o - a scroll of vulnerability {unknown}
 r - 2 scrolls of identify {unknown}
 u - a scroll of enchant armour {unknown}
 v - a scroll of silence
 x - 2 scrolls of blinking {unknown}
 y - a scroll of torment {unknown}
 B - 2 scrolls of butterflies {unknown}
 C - a scroll of immolation {unknown}
Potions
 c - a potion of might
 e - 2 potions of flight {unknown}
 i - 3 potions of lignification {unknown}
 m - 2 potions of magic {unknown}
 z - a potion of haste {unknown}
 D - a potion of attraction {unknown}
 F - a potion of heal wounds {unknown}
 G - a potion of curing {unknown}


   Skills:
 + Level 4.9 Fighting
 + Level 4.3 Axes
 - Level 3.0 Dodging
 + Level 4.4 Shields


You had 5 spell levels left.
You didn't know any spells.
Your spell library contained the following spells:

 Spells                   Type           Power      Damage    Failure   Level
 Ensorcelled Hibernation  Hex/Ice        0%         N/A       54%         2
 Passwall                 Tmut/Erth      0%         N/A       54%         2
 Gell's Gravitas          Tloc           0%         N/A       77%         3
 Swiftness                Air            0%         N/A       77%         3
 Teleport Other           Tloc           0%         N/A       77%         3
 Dispersal                Tloc           0%         N/A       100%        6


Dungeon Overview and Level Annotations

Branches:
Dungeon (5/15)             Temple (1/1) D:5

Altars:
Cheibriados
Elyvilon
Fedhas
Gozag
Hepliaklqana
Kikubaaqudgha
Makhleb
Nemelex Xobeh
Okawaru
Qazlal
Ru
Sif Muna
Uskayaw
Vehumet
Wu Jian
Yredelemnul
Zin
The Shining One

Shops:
D:1 [   D:4 :


Innate Abilities, Weirdness & Mutations

You cannot wear most types of armour.
You are amphibious.
You can wear up to eight rings at the same time.
Your skin changes colour to match your surroundings (Stealth+).
Your rubbery body absorbs attacks. (AC +1, EV +1)
You sometimes lose the ability to drink potions when taking damage.
((You are camouflaged when in or above water. (Stealth+)))
You have tentacles for arms and can constrict up to eight enemies at once.


Message History

There is an open door here.
You open the door.
There is an open door here.
You open the door.
There is an open door here.
There is an open door here.
You open the door. You open the door.
An ice beast comes into view.
There is an open door here.
The helpless ice beast fails to defend itself.
You hit the ice beast. You squeeze the ice beast.
The ice beast is lightly wounded.
The ice beast completely misses you.
You hit the ice beast. You squeeze the ice beast!
The ice beast is heavily wounded.
The ice beast closely misses you. You block the ice beast's attack.
You hit the ice beast but do no damage.
The ice beast is heavily wounded.
The ice beast barely misses you.
You hit the ice beast.
The ice beast is heavily wounded.
The ice beast hits you. The ice beast freezes you!
You barely miss the ice beast. Your squeeze misses the ice beast.
The ice beast is heavily wounded.
The ice beast hits you. The ice beast freezes you!
You feel threatened and lose the ability to drink potions!
The ice beast hits you.
* * * LOW HITPOINT WARNING * * *
The ice beast freezes you!
* * * LOW HITPOINT WARNING * * *
You slash the ice beast!
The ice beast is severely wounded.
The ice beast misses you.
You closely miss the ice beast.
The ice beast is severely wounded.
The ice beast hits you.
* * * LOW HITPOINT WARNING * * *
The ice beast freezes you!
You die...

......#....^..#......#
......'.......#......#
......##'####'#......#
#...............######
#...............#
'...............+
#...............#
#####.)...#############
....#.....'.....@.....#
....#.....#......Y....#
#####.....##..##....###
...........########+#
...........#
...........#
...........#
############


You could see an ice beast.

Vanquished Creatures
  An ice beast (D:5)
  A scorpion (D:4)
  A hound (D:5)
  6 adders
  2 ufetubi (D:5)
  4 dart slugs
  10 orcs
  11 endoplasms
  5 giant cockroaches
  7 goblins
  3 hobgoblins
  6 kobolds
  5 quokkas
  9 ball pythons
  4 bats
  3 frilled lizards (D:1)
  2 rats
80 creatures vanquished.

Vanquished Creatures (others)
  2 plants (D:3)
2 creatures vanquished.

Grand Total: 82 creatures vanquished

Notes
Turn   | Place    | Note
-------+----------+-------------------------------------------
     0 | D:1      | ThatPearl the Octopode Fighter began the quest for the Orb.
     0 | D:1      | Reached XP level 1. HP: 16/16 MP: 1/1
    48 | D:1      | Found Ixiuhewot's Armour Emporium.
   210 | D:1      | Reached XP level 2. HP: 18/21 MP: 2/2
   641 | D:1      | Reached XP level 3. HP: 20/26 MP: 3/3
  1148 | D:2      | Found a sacrificial altar of Ru.
  1300 | D:2      | Found a faded altar of an unknown god.
  1507 | D:2      | Reached XP level 4. HP: 33/33 MP: 4/4
  1865 | D:3      | Found a basalt altar of Yredelemnul.
  2292 | D:3      | Reached XP level 5. HP: 37/37 MP: 5/5
  2311 | D:2      | Became a worshipper of Ru the Awakened
  2775 | D:4      | Found an ornate altar of the Wu Jian Council.
  2803 | D:4      | Found Aruhoc's Vocational Training.
  3376 | D:1      | Bought a +1 hat for 132 gold pieces
  3495 | D:5      | Entered Level 5 of the Dungeon
  3497 | D:5      | Found a staircase to the Ecumenical Temple.
  3572 | Temple   | Entered the Ecumenical Temple
  3782 | D:5      | Gained mutation: You occasionally lose the ability to drink
                  | potions when taking damage. [Ru sacrifice]
  3782 | D:5      | Gained mutation: You sometimes lose the ability to drink
                  | potions when taking damage. [Ru sacrifice]
  3782 | D:5      | Reached * piety under Ru
  4065 | D:5      | Reached XP level 6. HP: 39/44 MP: 6/6
  4146 | D:5      | Noticed an ice beast
  4171 | D:5      | Killed an ice beast
  4345 | D:5      | Noticed an ice beast
  4358 | D:5      | HP: 2/45 [ice beast (2)]
  4358 | D:5      | Mangled by an ice beast

Illustrated notes

Levels and vault maps discovered:
D:1:      dpeg_arrival_radiant, layout_basic, serial_shops, nicolae_shop_trees
D:2:      layout_loops_ring, basic_altar, ebering_ecumenical_altar_rust
D:3:      layout_rooms, marbit_many_paths, serial_forest,
          infiniplex_forest_lined_3, infiniplex_forest_lined_room_2,
          infiniplex_forest_clump_diagonal, infiniplex_forest_straight_2,
          infiniplex_forest_diagonal, infiniplex_forest_lined_ring,
          infiniplex_forest_corner_2, infiniplex_forest_lined_room_2,
          feat_on_display
D:4:      layout_basic, mainiacjoe_overflow_brackets, minivault_19,
          nicolae_shop_vocational
D:5:      layout_gridville, minmay_temple_entry_wispy, nrook_uturn
Temple:   eino_temple_rhombus

Skill      XL: |  1  2  3  4  5 |
---------------+----------------+-----
Axes           | 3 4 |  4.3
Fighting       | 4 |  4.9
Shields        | 4 |  4.4
Dodging        | |  3.0

Action                   |  1- 3 |  4- 6 || total
-------------------------+-------+-------++-------
Melee: War axe           |    72 |    81 ||   153
       Constrict         |    12 |    15 ||    27
       Tentacles         |     6 |    17 ||    23
       Punch             |       |     1 ||     1
Throw: Stone             |       |     5 ||     5
       Throwing net      |       |     1 ||     1
Invok: Sacrifice Drink   |       |     1 ||     1
Evoke: Wand              |       |     3 ||     3
  Use: Scroll            |       |     2 ||     2
 Stab: Sleeping          |    11 |     7 ||    18
Armor: Skin              |    10 |     6 ||    16
Dodge: Dodged            |    53 |    49 ||   102
Block: Buckler           |    17 |    22 ||    39
